 Dungeon Crawl Stone Soup version 0.26-a0-21-gf97e55dc39 (webtiles) character file.

Game seed: 4457184329198415160, levelgen mode: deterministic

11240 Aksej the Carver (level 11, -15/90 HPs)
             Began as a Minotaur Fighter on May 26, 2020.
             Was a Believer of Hepliaklqana.
             Demolished by an emperor scorpion (22 damage)
             ... on level 11 of the Dungeon.
             The game lasted 00:40:34 (9214 turns).

Aksej the Carver (Minotaur Fighter)                 Turns: 9214, Time: 00:40:35

Health: -15/90     AC: 10    Str: 22    XL:     11   Next: 46%
Magic:  10/10      EV: 16    Int:  5    God:    Hepliaklqana [**....]
Gold:   732        SH: 19    Dex: 21    Spells: 10/10 levels left

rFire    . . .     SeeInvis .   a - +2 falchion (freeze)
rCold    . . .     Gourm    .   c - +1 kite shield
rNeg     . . .     Faith    .   o - +1 ring mail {rPois}
rPois    +         Spirit   .   (helmet restricted)
rElec    .         Reflect  +   z - scarf {harm}
rCorr    +         Harm     .   D - +2 pair of gloves {Dex+3}
MR       .....                  (no boots)
Stlth    ++........             h - amulet of reflection
HPRegen  0.25/turn              i - ring of resist corrosion
MPRegen  0.12/turn              g - +6 ring of dexterity

@: stab, hasted (expiring), studying Long Blades, very quick
A: retaliatory headbutt, reduced essence, horns 2
a: Recall Ancestor, Ancestor Identity, Renounce Religion


You were on level 11 of the Dungeon.
You worshipped Hepliaklqana.
Hepliaklqana was pleased with you.
You were very hungry.

You visited 2 branches of the dungeon, and saw 12 of its levels.

You collected 732 gold pieces.

Inventory:

Hand Weapons
 a - a +2 falchion of freezing (weapon)
Missiles
 e - 5 boomerangs (quivered)
 j - 7 silver javelins
 q - 3 throwing nets
 C - 6 javelins
Armour
 c - a +1 kite shield (worn)
 o - a +1 ring mail of poison resistance (worn)
 z - a scarf of harm (worn)
 D - a +2 pair of gloves of dexterity (worn)
Jewellery
 d - a +6 ring of strength {unknown}
 g - a +6 ring of dexterity (right hand)
 h - an amulet of reflection (around neck)
 i - a ring of resist corrosion (left hand)
 t - an uncursed ring of protection from fire
 x - an uncursed ring of flight {unknown}
 F - a +6 ring of intelligence
Wands
 p - a wand of polymorph (8)
 A - a wand of clouds (5)
Scrolls
 k - 5 scrolls of teleportation
 l - a scroll of remove curse
 m - a scroll of enchant weapon
 r - a scroll of amnesia
 y - a scroll of fear
 E - a scroll of fog
Potions
 n - a potion of lignification
 s - 4 potions of curing
Books
 w - a manual of Long Blades
Comestibles
 f - 18 rations


   Skills:
 * Level 10.2 Fighting
 + Level 12.6 Long Blades
 + Level 6.2 Throwing
 + Level 7.1 Armour
 + Level 7.6 Dodging
 + Level 3.4 Stealth
 + Level 10.3 Shields


You had 10 spell levels left.
You didn't know any spells.
Your spell library contained the following spells:

 Spells                   Type           Power        Failure   Level  Hunger
 Beastly Appendage        Tmut           #.....       83%         1    ##.....
 Corona                   Hex            #......      83%         1    ##.....
 Shock                    Conj/Air       #...         83%         1    ##.....
 Ensorcelled Hibernation  Hex/Ice        #.....       92%         2    ###....
 Sticks to Snakes         Tmut           #.......     92%         2    ###....
 Swiftness                Chrm/Air       #.......     92%         2    ###....
 Confusing Touch          Hex            #.......     99%         3    ####...
 Dazzling Flash           Conj/Hex       #.....       99%         3    ####...
 Spider Form              Tmut/Pois      #.........   99%         3    ####...
 Static Discharge         Conj/Air       #.......     99%         3    ####...
 Tukima's Dance           Hex            #.......     99%         3    ####...
 Airstrike                Air            #.........   100%        4    #####..
 Ice Form                 Ice/Tmut       #.......     100%        4    #####..
 Blade Hands              Tmut           #.........   100%        5    ######.
 Lightning Bolt           Conj/Air       #.........   100%        5    ######.


Dungeon Overview and Level Annotations

Branches:
Dungeon (11/15)            Temple (1/1) D:6            Lair (0/6) D:8
    Orc (0/2) D:11

Altars:
Ashenzari
Cheibriados
Dithmenos
Elyvilon
Fedhas
Gozag
Hepliaklqana
Kikubaaqudgha
Makhleb
Nemelex Xobeh
Okawaru
Qazlal
Ru
Sif Muna
Trog
Uskayaw
Vehumet
Wu Jian
Xom
Yredelemnul
Zin
The Shining One

Shops:
D:9 [

Annotations:
D:7 3 runed translucent doors, Dutchy's ghost, novice HOMo


Innate Abilities, Weirdness & Mutations

You reflexively headbutt those who attack you in melee.
You have a pair of horns on your head.
Your life essence is reduced to manifest your ancestor. (-10% HP)


Message History

The emperor scorpion stings Eanasir but does no damage.
The emperor scorpion closely misses Eanasir.
The emperor scorpion claws Eanasir!
You are feeling very hungry.
Eanasir casts a spell at the emperor scorpion.
The puff of frost misses the emperor scorpion.
The emperor scorpion stings Eanasir!!
Eanasir is destroyed!
You block the emperor scorpion's attack.
The emperor scorpion claws you!
* * * LOW HITPOINT WARNING * * *
The emperor scorpion claws you.
* * * LOW HITPOINT WARNING * * *
You hit the emperor scorpion but do no damage.
Your headbutt misses the emperor scorpion.
The emperor scorpion is severely wounded.
You feel ready to backstab.
Your extra speed is starting to run out.
The emperor scorpion stings you!!
You die...

.........#########
.................###
.....[..########...##
........# #...Rs.###
........# #.#.#.#..#
........#
#.#...###..รทรท#
######### ##.#+#.##
#### #....s$.##
#...@....# #........#
#........# #........#
#........# #........#
######...# #...#
#...#


You could see an emperor scorpion.

Vanquished Creatures
  Harold (D:9)
  A two-headed ogre (D:10)
  Pikel (D:9)
  A wizard (D:8)
  An ugly thing (D:11)
  Joseph (D:7)
  Psyche (D:10)
  A troll (D:8)
  A hippogriff (D:7)
  Grinder (D:3)
  Sigmund (D:4)
  2 neqoxecs (D:9)
  Grum (D:10)
  Duvessa (D:4)
  An orc warrior (D:9)
  3 sky beasts
  2 slaves (D:9)
  An eye of draining (D:11)
  A wolf (D:10)
  2 phantoms
  4 ogres
  3 centaurs
  A crocodile (D:8)
  3 bullfrogs
  Dowan (D:4)
  A wyvern skeleton (D:6)
  2 scorpions (D:9)
  A water moccasin skeleton (D:4)
  10 killer bees
  3 wights (D:6)
  5 howler monkeys
  5 crimson imps
  2 bullfrog zombies
  Crazy Yiuf (D:4)
  8 hounds
  6 quasits
  A centaur skeleton (D:6)
  4 orc priests
  3 jellies (D:7)
  Terence (D:3)
  4 iguanas
  4 orc wizards
  3 worker ants
  A hound zombie (D:6)
  A hound skeleton (D:6)
  A worker ant zombie (D:6)
  3 gnolls (D:3)
  12 adders
  2 shadow imps
  2 oozes
  An adder skeleton (D:5)
  A worm (D:2)
  A dart slug (D:1)
  2 leopard geckos (D:1)
  23 orcs
  12 bats
  4 giant cockroaches
  8 hobgoblins
  10 jackals
  5 kobolds
  6 quokkas
  A ball python (D:1)
  7 frilled lizards
  A giant cockroach zombie (D:5)
  4 goblins
  A jackal skeleton (D:4)
  4 rats
  2 fungi (D:9)
216 creatures vanquished.

Vanquished Creatures (collateral kills)
  The ghost of walterwhite the Cleaver, a novice FoFi of Okawaru (D:9)
  Nergalle (D:10)
  An ugly thing (D:11)
  An orc warrior (D:6)
  An ice beast (D:7)
  A phantom (D:9)
  2 wolves (D:10)
  A crocodile (D:7)
  A big kobold (D:10)
  2 bullfrogs
  A scorpion (D:9)
  A killer bee (D:8)
  3 howler monkeys
  A crimson imp (D:9)
  2 hounds (D:11)
  A centaur skeleton (D:7)
  5 adders
  A shadow imp (D:11)
  4 orcs
  A giant cockroach (D:7)
  A kobold (D:10)
  2 bats (D:9)
35 creatures vanquished.

Vanquished Creatures (others)
  A slave (D:9)
  2 battlemagi (D:11)
  A fungus (D:9)
4 creatures vanquished.

Grand Total: 255 creatures vanquished

Notes
Turn   | Place    | Note
-------+----------+-------------------------------------------
     0 | D:1      | Aksej the Minotaur Fighter began the quest for the Orb.
     0 | D:1      | Reached XP level 1. HP: 19/19 MP: 0/0
    81 | D:1      | Reached XP level 2. HP: 27/27 MP: 1/1
   892 | D:2      | Reached XP level 3. HP: 26/33 MP: 2/2
   896 | D:2      | Reached skill level 3 in Long Blades
  1677 | D:3      | Reached XP level 4. HP: 41/41 MP: 3/3
  1715 | D:3      | Noticed Terence
  1726 | D:3      | Killed Terence
  1726 | D:3      | Reached skill level 1 in Dodging
  1741 | D:3      | Noticed Grinder
  1754 | D:3      | Killed Grinder
  1754 | D:3      | Reached skill level 5 in Fighting
  1754 | D:3      | Reached skill level 4 in Long Blades
  1754 | D:3      | Reached skill level 1 in Throwing
  1754 | D:3      | Reached XP level 5. HP: 41/48 MP: 4/4
  1754 | D:3      | Reached XP level 6. HP: 48/56 MP: 5/5
  2405 | D:4      | Found an opulent altar of Gozag.
  2406 | D:4      | Noticed Dowan
  2407 | D:4      | Noticed Duvessa
  2416 | D:4      | Killed Duvessa
  2416 | D:4      | Reached skill level 5 in Long Blades
  2416 | D:4      | Reached skill level 5 in Shields
  2416 | D:4      | Reached XP level 7. HP: 39/62 MP: 6/6
  2420 | D:4      | Killed Dowan
  2434 | D:4      | Reached skill level 5 in Armour
  2839 | D:4      | Found a runed translucent door.
  2840 | D:4      | Noticed Crazy Yiuf
  3178 | D:4      | Noticed Sigmund
  3184 | D:4      | Killed Sigmund
  3184 | D:4      | Reached skill level 6 in Long Blades
  3184 | D:4      | Reached XP level 8. HP: 64/71 MP: 7/7
  3592 | D:4      | Killed Crazy Yiuf
  3652 | D:5      | Entered Level 5 of the Dungeon
  4410 | D:6      | Reached skill level 7 in Long Blades
  4526 | D:6      | Identified a scroll of acquirement
  4724 | D:6      | Found a staircase to the Ecumenical Temple.
  4728 | D:6      | Reached skill level 8 in Long Blades
  4742 | Temple   | Entered the Ecumenical Temple
  4756 | Temple   | Became a worshipper of Hepliaklqana the Forgotten
  4968 | D:6      | Reached XP level 9. HP: 71/71 MP: 8/8
  5127 | D:6      | Reached skill level 1 in Stealth
  5309 | D:7      | Noticed Joseph
  5319 | D:7      | Reached skill level 5 in Dodging
  5324 | D:7      | Killed Joseph
  5324 | D:7      | Reached skill level 9 in Long Blades
  5380 | D:7      | Noticed Dutchy's ghost (novice HOMo)
  5414 | D:7      | Reached skill level 10 in Long Blades
  5546 | D:7      | Found a runed translucent gate.
  5547 | D:7      | Found a runed translucent gate.
  5548 | D:7      | Found a runed translucent gate.
  5616 | D:7      | Got an ivory great mace
  5617 | D:7      | Found a hide-covered altar of Uskayaw.
  5898 | D:8      | Noticed a wizard
  5909 | D:8      | Killed a wizard
  5909 | D:8      | Reached XP level 10. HP: 63/80 MP: 9/9
  6045 | D:8      | Reached * piety under Hepliaklqana
  6155 | D:8      | Reached skill level 11 in Long Blades
  6307 | D:8      | Found a staircase to the Lair.
  6354 | D:8      | Reached skill level 5 in Throwing
  6517 | D:8      | Identified the +5 great mace of Symmetry {speed, +Fly Str+4
                  | Dex+4} (You found it on level 7 of the Dungeon)
  6716 | D:9      | Found Olost's Antique Armour Shop.
  6935 | D:9      | Noticed walterwhite's ghost (novice FoFi)
  6960 | D:9      | Found a transporter.
  7007 | D:9      | Found a transporter.
  7099 | D:9      | Noticed Pikel
  7110 | D:9      | Killed Pikel
  7235 | D:9      | Reached ** piety under Hepliaklqana
  7236 | D:9      | Remembered your ancestor Eanasir as a battlemage
  7279 | D:9      | Noticed Harold
  7291 | D:9      | Killed Harold
  7513 | D:9      | Found a basalt altar of Yredelemnul.
  7591 | D:9      | Reached skill level 12 in Long Blades
  7607 | D:9      | Found the +7 Singing Sword {vorpal, sonic wave}
  7702 | D:9      | Killed walterwhite's ghost
  7702 | D:9      | Reached XP level 11. HP: 78/87 MP: 8/10
  7881 | D:10     | Entered Level 10 of the Dungeon
  7918 | D:10     | Noticed Grum
  7928 | D:10     | Killed Grum
  8089 | D:10     | Noticed Psyche
  8095 | D:10     | Killed Psyche
  8247 | D:10     | Noticed Nergalle
  8260 | D:10     | Killed Nergalle
  8552 | D:10     | Noticed a two-headed ogre
  8558 | D:10     | Killed a two-headed ogre
  8558 | D:10     | Reached skill level 10 in Fighting
  8558 | D:10     | Reached skill level 10 in Shields
  8805 | D:11     | Noticed a white ugly thing
  8807 | D:11     | Found a staircase to the Orcish Mines.
  8820 | D:11     | Killed a white ugly thing
  9067 | D:11     | Noticed a cyan ugly thing
  9083 | D:11     | Killed a cyan ugly thing
  9121 | D:11     | Noticed a six-headed hydra
  9135 | D:11     | Noticed an emperor scorpion
  9135 | D:11     | a six-headed hydra changed into an emperor scorpion
  9214 | D:11     | Demolished by an emperor scorpion

Illustrated notes

Levels and vault maps discovered:
D:1:      minmay_arrival_checkered_box, layout_loops_cross
D:2:      layout_basic, minmay_misc_feat_enclosed
D:3:      layout_rooms, uniq_terence, uniq_grinder
D:4:      layout_cave_pods, first_ration, nicolae_gozag_seed_capital,
          uniq_sigmund, uniq_crazy_yiuf_cottage, uniq_duvessa
D:5:      layout_basic
D:6:      layout_rooms, temple_doors_cd
D:7:      layout_rooms, kennysheep_mini, gammafunk_ghost_split, uniq_joseph
D:8:      cheibrodos_wizards_tower, layout_loops_ring, lair_entry_dummy
D:9:      old_forge, layout_irregular_city, serial_shops,
          nicolae_shop_overgrown_old_shop, gammafunk_ghost_stat_death,
          basic_altar, uniq_pikel, uniq_harold
D:10:     layout_irregular_city, uniq_psyche, uniq_grum, uniq_nergalle
D:11:     layout_basic, orc_0_dummy, special_room [special_room_orc],
          grunt_ogre_cave
Temple:   roderic_octagonal_lattice_temple

Skill      XL: |  1  2  3  4  5  6  7  8  9 10 11 |
---------------+----------------------------------+-----
Fighting       | 4 5 6 7 8 9 10 | 10.2
Shields        | 4 5 6 7 9 10 | 10.3
Long Blades    | 3 4 5 6 8 10 12 | 12.6
Armour         | 4 5 6 7 |  7.1
Dodging        | 2 3 4 6 7 |  7.6
Throwing       | 1 3 4 5 6 |  6.2
Stealth        | 1 2 3 |  3.4

Action                   |  1- 3 |  4- 6 |  7- 9 | 10-12 || total
-------------------------+-------+-------+-------+-------++-------
Melee: Long sword        |    89 |    74 |   239 |   204 ||   606
       Headbutt          |     8 |    15 |    64 |    86 ||   173
       Falchion          |       |       |       |    43 ||    43
Throw: Boomerang         |     8 |    23 |    86 |    59 ||   176
       Javelin           |     1 |       |       |       ||     1
Invok: Ancestor Identity |       |       |     1 |     1 ||     2
       Recall Ancestor   |       |       |       |     1 ||     1
       Ancestor Life: Ba |       |       |       |     1 ||     1
Evoke: Wand              |       |       |       |     1 ||     1
  Use: Scroll            |     7 |     1 |     8 |     5 ||    21
       Potion            |     1 |     2 |     5 |     6 ||    14
 Stab: Distracted        |       |       |     3 |     9 ||    12
       Sleeping          |       |       |       |     4 ||     4
       Held in net/web   |       |       |       |     1 ||     1
  Eat: Chunk             |     2 |     3 |    11 |    10 ||    26
Armor: Scale mail        |    45 |    18 |       |       ||    63
       Ring mail         |       |    18 |    38 |    53 ||   109
Dodge: Dodged            |    31 |    36 |    66 |   111 ||   244
Block: Kite shield       |    43 |    57 |   165 |   279 ||   544
       Reflection        |       |       |     6 |     6 ||    12
       Rpst.: Long sword |     8 |    10 |    14 |    28 ||    60
       Falchion          |       |       |       |     3 ||     3

Table legend:
 A = Non-vault XP
 B = Vault XP
 C = Vault XP percentage of total XP
 D = Non-vault monster count
 E = Vault monster count
 F = Vault count percentage of total count
                 A         B        C        D         E       F
            +---------+---------+-------+---------+---------+-------
      Total |    9106 |    6952 |  43.3 |     212 |      35 |  14.2
            +---------+---------+-------+---------+---------+-------
        D:1 |      30 |       0 |   0.0 |      15 |       0 |   0.0
        D:2 |      61 |       0 |   0.0 |      19 |       0 |   0.0
        D:3 |     233 |     298 |  56.1 |      32 |       2 |   5.9
        D:4 |     549 |     499 |  47.6 |      14 |       4 |  22.2
        D:5 |     435 |       0 |   0.0 |      16 |       0 |   0.0
        D:6 |    1126 |       0 |   0.0 |      25 |       0 |   0.0
        D:7 |    1502 |     466 |  23.7 |      28 |       1 |   3.4
        D:8 |    1145 |     643 |  36.0 |      21 |       1 |   4.5
        D:9 |    1286 |    3243 |  71.6 |      23 |      21 |  47.7
       D:10 |    1326 |    1803 |  57.6 |      11 |       6 |  35.3
       D:11 |    1413 |       0 |   0.0 |       8 |       0 |   0.0
            +---------+---------+-------+---------+---------+-------
